AoeStats
← Malcolm Little

Arena

507169597Analyzed
4v4 RM · 15d ago on Sep 17, 2026· 50m 21s· 8 players
Game mode
Random Map
Map size
Large (8 player)
Population
200
Speed
Normal
Resources
Standard
Victory
Conquest
Starting age
Dark Age
Ending age
Imperial Age
RankedLock teamsTeams togetherTeam positionsShared explorationLock speedFull tech treeHidden civsTurbo modeCheats
Victory
Defeat
🇵🇪 Britons · Peru
1242
+13
🇨🇱 Portuguese · Chile
1214
+14
🇭🇰 Franks · Hong Kong SAR China
1187
+15
🇺🇸 Khmer · United States
1187
+15
🇩🇴 Bengalis · Dominican Republic
1333
-21
🇨🇱 Persians · Chile
1168
-14
🇹🇷 Khitans · Türkiye
1123
-12
🇨🇱 Franks · Chile
1071
-10
Schmoo55
10:58 Feudal Age
14:39 Castle Age
13:16 Double-Bit Axe
13:37 Horse Collar
16:20 Heavy Plow
16:55 Bow Saw
19:26 Loom
22:27 Stone Mining
22:28 Gold Mining
25:07 Scale Barding Armor
25:12 Forging
26:01 Wheelbarrow
29:34 Imperial Age
27:22 Hand Cart
30:21 Husbandry
30:31 Bloodlines
29:42 Light Cavalry
34:08 Ballistics
33:36 Hussar
34:56 Chain Barding Armor
36:05 Gold Shaft Mining
36:08 Stone Shaft Mining
36:47 Elite Ballista Elephant
38:42 Double Crossbow
41:30 Chemistry
40:47 Masonry
44:53 Murder Holes
leung
11:52 Feudal Age
12:47 Double-Bit Axe
15:57 Castle Age
14:55 Gold Mining
17:03 Bow Saw
17:40 Wheelbarrow
20:12 Hand Cart
24:14 Gold Shaft Mining
25:05 Husbandry
25:19 Forging
25:31 Scale Barding Armor
25:11 Light Cavalry
28:47 Iron Casting
29:17 Town Watch
34:27 Imperial Age
33:53 Chain Barding Armor
34:46 Cavalier
36:35 Plate Barding Armor
36:38 Paladin
44:29 Blast Furnace
44:16 Town Patrol
44:02 Loom
pialo
9:39 Feudal Age
8:49 Loom
14:15 Castle Age
16:13 Double-Bit Axe
18:45 Horse Collar
27:02 Gold Mining
36:40 Imperial Age
38:25 Town Watch
M@nquito 2.0
11:00 Feudal Age
15:30 Castle Age
14:38 Double-Bit Axe
15:12 Loom
17:05 Bow Saw
19:46 Fletching
21:34 Bodkin Arrow
22:11 Gold Mining
25:37 Ballistics
26:27 Padded Archer Armor
29:41 Imperial Age
28:47 Gold Shaft Mining
29:45 Murder Holes
30:43 Bracer
31:46 Leather Archer Armor
32:39 Chemistry
33:21 Conscription
36:08 Wheelbarrow
38:19 Two-Man Saw
37:38 Hand Cart
38:38 Ring Archer Armor
40:23 Fortified Wall
40:37 Elite Longbowman
42:55 Forging
42:48 Town Watch
47:27 Yeomen
RafaMath
10:46 Feudal Age
12:07 Wheelbarrow
15:25 Castle Age
13:41 Double-Bit Axe
14:26 Horse Collar
15:20 Town Watch
21:07 Heavy Plow
23:08 Bow Saw
23:39 Scale Barding Armor
24:37 Husbandry
25:55 Bloodlines
25:59 Forging
27:38 Hand Cart
28:02 Loom
29:44 Chain Barding Armor
30:00 Iron Casting
32:22 Imperial Age
31:36 Gold Mining
32:04 Cavalier
33:22 Plate Barding Armor
33:48 Blast Furnace
32:44 Stone Mining
32:42 Light Cavalry
34:24 Crop Rotation
34:58 Two-Man Saw
33:39 Savar
36:44 Conscription
36:52 Guilds
37:57 Hussar
40:55 Heavy Camel Rider
42:33 Fletching
42:44 Padded Archer Armor
RICH FARMER
11:47 Feudal Age
13:05 Loom
16:20 Castle Age
14:22 Double-Bit Axe
14:24 Domestication
24:59 Wheelbarrow
25:30 Bow Saw
29:25 Gambesons
31:15 Gold Mining
34:09 Hand Cart
33:42 Town Watch
34:27 Pastoralism
39:54 Imperial Age
41:28 Transhumance
Malcolm Little
11:06 Feudal Age
14:35 Castle Age
15:06 Double-Bit Axe
15:33 Loom
18:27 Sanctity
19:12 Redemption
30:48 Wheelbarrow
32:42 Horse Collar
35:12 Bow Saw
35:03 Heavy Plow
38:40 Imperial Age
36:20 Pikeman
37:01 Squires
36:47 Gambesons
37:53 Hand Cart
37:41 Stone Mining
37:42 Gold Mining
38:05 Forging
37:56 Scale Mail Armor
38:02 Scale Mail Armor
39:59 Iron Casting
39:11 Arson
41:03 Two-Man Saw
40:34 Crop Rotation
40:54 Chain Mail Armor
41:16 Halberdier
43:09 Onager
46:05 Siege Elephant
LACOSA
0:57 Loom
13:29 Feudal Age
14:20 Double-Bit Axe
16:19 Wheelbarrow
19:40 Castle Age
20:36 Bow Saw
20:44 Scale Barding Armor
21:33 Forging
26:56 Chain Barding Armor
34:05 Imperial Age
32:43 Iron Casting
34:40 Husbandry
34:56 Gold Mining
36:30 Cavalier
38:38 Paladin
39:57 Plate Barding Armor
39:25 Husbandry
44:16 Elite Skirmisher
46:23 Chemistry
45:14 Fletching
46:14 Light Cavalry
Connection lost

Rejoining the realm…

Still unreachable

The connection could not be restored.

Session expired

The server has moved on; the page needs a fresh start.